cohdb
Replays
Latest Replays
All Replays
Popular Replays
Top Player Replays
Match Explorer
How It Works
Community
CoH3 Stats
Reddit
Sign in to upload your games and track your stats! →
Sign in with Steam
Match 39539615
Unlisted
Match 39539615
Overview
Messages
Build Orders
End
Construct Infanterie Kompanie
Grenadier Squad
MG 42 Machine Gun Team
Grenadier Squad
Construct Panzergrenadier Kompanie
GrW 34 Mortar Team
251 Medium Carrier
251 Medium Carrier
Selects Mechanized Battlegroup
Selects Raid Package
Pak 40 Anti-tank Gun Team
Support Elements
StuG III G Assault Gun
Selects Spotting Scopes
StuG III G Assault Gun
Panzergrenadier Squad
Construct Panzer Kompanie
Selects 8 Rad Armored Car
Selects UNKNOWN (2160084)
Panther Heavy Tank
251 Medium Carrier
Panzergrenadier Squad
MG 42 Machine Gun Team
Pioneer Squad
Pak 40 Anti-tank Gun Team
Panther Heavy Tank
[ßDF] CaptainZeasy
[ßDF] GaloupNoir
[B.P.] Gostlame
MajorMalfunction_
SneaKerz
gb_gbg
0
0
Comments
sign in to comment!
No comments posted yet!